 Dungeon Crawl Stone Soup version 0.20.0-15-g7f486f2 (console) character file.

81 rekolen the Sneak (level 4, -1/27 HPs)
             Began as a Halfling Enchanter on June 9, 2017.
             Slain by a gnoll
             ... wielding a +0 spear
              (4 damage)
             ... on level 3 of the Dungeon.
             The game lasted 00:03:42 (1024 turns).

rekolen the Sneak (Halfling Enchanter)              Turns: 1024, Time: 00:03:43

Health: -1/27      AC:  2    Str:  9    XL:     4   Next: 68%
Magic:  6/6        EV: 15    Int: 17    God:
Gold:   63         SH:  0    Dex: 14    Spells: 3/6 levels left

rFire    . . .     SeeInvis .   q - +2 dagger (elec)
rCold    + . .     Gourm    .   (shield restricted)
rNeg     . . .     Faith    .   b - +0 robe
rPois    .         Spirit   .   (no helmet)
rElec    .         Reflect  .   (no cloak)
rCorr    .         Harm     .   (no gloves)
MR       .....                  (no boots)
Stlth    +++.......             (no amulet)
Regen    0.1/turn               j - +3 ring of intelligence
MPRegen  0.1/turn               p - ring of protection from cold

@: no status effects
A: mutation resistance 1
a: no special abilities


You were on level 3 of the Dungeon.
You were hungry.

You visited 1 branch of the dungeon, and saw 3 of its levels.

You collected 63 gold pieces.

Inventory:

Hand Weapons
 a - a +1 dagger
 f - a +0 short sword
 q - a +2 dagger of electrocution (weapon)
Armour
 b - a +0 robe (worn)
Jewellery
 e - an uncursed ring of teleportation
 j - a +3 ring of intelligence (left hand)
 p - a ring of protection from cold (right hand)
Scrolls
 g - 4 scrolls of identify
 h - a scroll of remove curse
 m - a scroll of amnesia {unknown}
 o - a scroll of teleportation {unknown}
 r - a scroll of noise {unknown}
Potions
 k - a potion of curing {unknown}
 n - a potion of cancellation {unknown}
Books
 c - a book of Maledictions

   Spells                             Type                      Level
   a - Corona                         Hexes                        1
   b - Ensorcelled Hibernation        Hexes/Ice                    2
   c - Confuse                        Hexes                        3
   d - Tukima's Dance                 Hexes                        3
   e - Dazzling Spray                 Conjuration/Hexes            3
Comestibles
 d - 3 bread rations
 i - 2 royal jellies
 l - a meat ration


   Skills:
 + Level 2.9 Short Blades
 - Level 2.1 Dodging
 + Level 4.3 Stealth
 - Level 1.5 Spellcasting
 + Level 3.0 Hexes


You had 3 spell levels left.
You knew the following spells:

 Your Spells              Type           Power        Failure   Level  Hunger
a - Corona                Hex            ##.....      6%          1    ##.....
b - Ensorcelled Hibernat  Hex/Ice        #.....       16%         2    ###....


Dungeon Overview and Level Annotations

Branches:
Dungeon (3/15)

Altars:


Innate Abilities, Weirdness & Mutations

You are small and have problems with some larger weapons.
You are somewhat resistant to further mutation.


Message History

You closely miss the hobgoblin.
The hobgoblin is heavily wounded.
The hobgoblin completely misses you.
You hit the hobgoblin.
The hobgoblin is almost dead.
The hobgoblin misses you.
You hit the hobgoblin.
You kill the hobgoblin!
You hit the hobgoblin.
The hobgoblin is moderately wounded.
The hobgoblin misses you.
You hit the hobgoblin.
Lightning courses through the hobgoblin!
You kill the hobgoblin!
The gnoll barely misses you. The gnoll hits you with a spear!
* * * LOW HITPOINT WARNING * * *
You see here a club.
You found a teleport trap!
The gnoll hits you with a spear.
You die...

......<........
.............#
.............#
..........#..(
#....g...##..#
#......<.##..#
..........#..#
..........#^.#
..........#.@###
............g).##
...........###..#
.........#.#......#
#..........=.###.##
.....#...##. ..#
.......# ... >..
..#.... .. .. ....
.##....#. ... ....


You could see a gnoll.

Vanquished Creatures
  4 gnolls (D:2)
  An adder (D:2)
  A dart slug (D:1)
  A leopard gecko (D:1)
  A ball python (D:2)
  3 bats
  2 giant cockroaches (D:2)
  2 goblins
  6 hobgoblins
  7 kobolds
  A quokka (D:2)
  2 frilled lizards
  A rat (D:1)
32 creatures vanquished.

Notes
Turn   | Place    | Note
-------+----------+-------------------------------------------
     0 | D:1      | rekolen the Halfling Enchanter began the quest for the Orb.
     0 | D:1      | Reached XP level 1. HP: 11/11 MP: 3/3
    67 | D:1      | Reached XP level 2. HP: 4/17 MP: 4/4
   533 | D:2      | Reached XP level 3. HP: 21/21 MP: 5/5
   541 | D:2      | Learned a level 2 spell: Ensorcelled Hibernation
   716 | D:2      | Reached skill level 4 in Stealth
   922 | D:2      | Reached XP level 4. HP: 27/27 MP: 6/6
  1024 | D:3      | Slain by a gnoll

Skill      XL: |  1  2  3  4 |
---------------+-------------+-----
Short Blades   | 2 |  2.9
Stealth        | 4 |  4.3
Hexes          | 3 |  3.0
Dodging        | |  2.1
Spellcasting   | |  1.5

Action                   |  1- 3 |  4- 6 || total
-------------------------+-------+-------++-------
Melee: Dagger            |    15 |    17 ||    32
       Short sword       |    76 |       ||    76
 Cast: Corona            |     3 |       ||     3
       Ensorcelled Hiber |     1 |       ||     1
  Use: Scroll            |     3 |       ||     3
 Stab: Sleeping          |     5 |       ||     5
Armor: Robe              |    15 |       ||    15
Dodge: Dodged            |    81 |     9 ||    90
